 Dungeon Crawl Stone Soup version 0.21-a0-24-ga372141 (webtiles) character file.

0 Manul the Ducker (level 1, -7/11 HPs)
             Began as a Spriggan Abyssal Knight on May 25, 2017.
             Was a Follower of Lugonu.
             Killed by divine providence
             ... invoked by a smoke demon
              (8 damage)
             ... on level 1 of the Abyss.
             The game lasted 00:00:59 (203 turns).

Manul the Ducker (Spriggan Abyssal Knight)           Turns: 203, Time: 00:00:59

Health: -7/11      AC:  2    Str:  8    XL:     1   Next: 0%
Magic:  3/3        EV: 18    Int: 13    God:    Lugonu [*.....]
Gold:   12         SH:  0    Dex: 15    Spells: 0/0 levels left

rFire    . . .     SeeInvis +   d - +0 short sword (protect)
rCold    . . .     Gourm    .   (shield restricted)
rNeg     . . .     Faith    .   b - +0 robe
rPois    .         Spirit   .   (helmet restricted)
rElec    .         Reflect  .   (no cloak)
rCorr    .         Harm     .   (gloves unavailable)
MR       .....                  (boots unavailable)
Stlth    +.........             (no amulet)
Regen    0.1/turn               (no ring)
MPRegen  0.1/turn               (no ring)

@: very quick
A: unfitting armour, see invisible, herbivore 3, speed 3, slow metabolism 2
a: Depart the Abyss, Renounce Religion


You were on level 1 of the Abyss.
You worshipped Lugonu.
Lugonu was aware of your devotion.
You were not hungry.

You visited 0 branches of the dungeon, and saw 0 of its levels.
You visited the Abyss 1 time.

You collected 12 gold pieces.

Inventory:

Hand Weapons
 a - a +1 short sword
 d - a +0 short sword of protection (weapon)
Armour
 b - a +0 robe (worn)
Comestibles
 c - 2 bread rations


   Skills:
 + Level 2.4 Fighting
 + Level 2.1 Short Blades
 + Level 3.5 Dodging
 + Level 1.7 Invocations


You couldn't memorise any spells.
You didn't know any spells.

Dungeon Overview and Level Annotations

Branches:
Dungeon (0/15)

Altars:


Innate Abilities, Weirdness & Mutations

You are very small and have problems with some larger weapons.
You are too small for most types of armour.
You have supernaturally acute eyesight. (SInv)
You are a herbivore.
You cover ground extremely quickly.
You need consume almost no food.


Message History

The fire bat bites you.
You are engulfed in flames!
Ouch! That really hurt!
* * * LOW HITPOINT WARNING * * *
You are too injured to fight recklessly!
You aren't carrying any potions.
You aren't carrying any spellbooks or scrolls.
A tentacled starspawn comes into view.
The fire bat closely misses you.
You barely miss the fire bat. The fire bat closely misses you.
Tentacles burst from the starspawn's body! 2 starspawn tentacles come into view.
You barely miss the fire bat. The fire bat completely misses you.
The tentacled starspawn moves out of view.
A great orb of eyes and a smoke demon come into view.
The great orb of eyes turns its gaze towards you.
You barely miss the smoke demon. The fire bat misses you.
The smoke demon gestures at you. Something smites you!
Ouch! That really hurt!
You die...

#.. ## #.. # .##
.. #.##.. # #.##
......# .#..≈# .
#..#.###... .#
###....#b# .#
#....#...## #.
##.#.#.#.#@# #.
.#. ...#.#3#
..#....##..##.....
.........###.#.#G#
## . ##..##
####...# #..##
###.## #### ..
##.# # . ## .# #.#
# # ## ... #


You could see a great orb of eyes, a smoke demon and a fire bat.

Vanquished Creatures (others)
  2 starspawn tentacles (Abyss:1)
2 creatures vanquished.

Notes
Turn   | Place    | Note
-------+----------+-------------------------------------------
     0 | Abyss:1  | Manul the Spriggan Abyssal Knight began the quest for the Orb.
     0 | Abyss:1  | Reached XP level 1. HP: 11/11 MP: 3/3
    48 | Abyss:1  | Noticed a worldbinder
    54 | Abyss:1  | Noticed a vault sentinel
    54 | Abyss:1  | Noticed a yaktaur
    54 | Abyss:1  | Noticed a large abomination
    56 | Abyss:1  | Noticed an ironheart preserver
    77 | Abyss:1  | Noticed a rakshasa
   112 | Abyss:1  | Noticed an iron imp
   165 | Abyss:1  | Found an opulent altar of Gozag.
   165 | Abyss:1  | Noticed a small abomination
   187 | Abyss:1  | Noticed a fire bat
   199 | Abyss:1  | Noticed a tentacled starspawn
   202 | Abyss:1  | Noticed a smoke demon
   202 | Abyss:1  | Noticed a great orb of eyes
   203 | Abyss:1  | Killed from afar by a smoke demon

Vault maps used:

Action                   || total
-------------------------++-------
Melee: Short sword       ||     4
  Use: Scroll            ||     1
Dodge: Dodged            ||     5
